 Dungeon Crawl Stone Soup version 0.14.0-25-g43f8a4e (webtiles) character file.

22356 Infinimo the Earth Mage (level 13, -4/103 HPs)
             Began as a Formicid Earth Elementalist on Apr 25, 2014.
             Was a High Priest of Vehumet.
             Slain by Maud
             ... wielding a +3,+4 bastard sword
              (19 damage)
             ... on Level 3 of the Lair of Beasts.
             The game lasted 00:56:18 (21847 turns).

Infinimo the Earth Mage (FoEE)                     Turns: 21847, Time: 00:56:19

HP  -4/103       AC  4     Str 13      XL: 13   Next: 22%
MP   7/31        EV 12     Int 20      God: Vehumet [*****.]
Gold 550         SH 32     Dex 11      Spells:  6 memorised, 11 levels left

rFire  . . .     SeeInvis +     n - staff of wizardry
rCold  . . .     Clarity  .     c - +0 robe
rNeg   . . .     Conserve .     q - +0 large shield
rPois  +         rCorr    .     (helmet unavailable)
rElec  .         rRot     .     (no cloak)
SustAb . .       Spirit   .     B - +0 pair of gloves
rMut   .         Warding  .     i - +0 pair of boots
Saprov . . .     Stasis   +     (no amulet)
MR     +....                    m - +2 ring of evasion
                                x - ring of poison resistance

@: somewhat resistant to hostile enchantments, fairly stealthy
A: permanent stasis, dig shafts and tunnels, four strong arms, antennae 3
a: Dig, Shaft Self, Renounce Religion


You were on level 3 of the Lair of Beasts.
You worshipped Vehumet.
Vehumet was extremely pleased with you.
You were not hungry.

You visited 3 branches of the dungeon, and saw 14 of its levels.

You collected 550 gold pieces.

Inventory:

Hand weapons
 k - a +1,+3 dagger of draining
Missiles
 b - 65 stones (quivered)
Armour
 c - a +0 robe (worn)
 i - a +0 pair of boots (worn)
 q - a +0 large shield (worn)
 B - a +0 pair of gloves (worn)
 M - a +0 buckler
Magical devices
 o - a wand of cold (15)
 v - a wand of lightning (6)
 A - a wand of polymorph (8)
Comestibles
 a - 12 bread rations
 d - 3 meat rations
 p - a choko
 s - 7 bananas
 t - 7 honeycombs
 z - a pear
 D - 8 cheeses
 E - 5 strawberries
Scrolls
 f - a scroll of enchant weapon I
 g - 7 scrolls of remove curse
 u - 2 scrolls of magic mapping
Jewellery
 m - a +2 ring of evasion (right hand)
 x - a ring of poison resistance (left hand)
Potions
 h - a potion of might {unknown}
 j - 4 potions of curing
 l - 4 potions of agility
 r - 3 potions of heal wounds
 w - 3 potions of restore abilities
 C - a potion of flight
 H - a potion of magic {unknown}
Books
 y - a book of the Warp

   Spells                             Type                      Level
   Control Teleport                   Charms/Translocation         4
   Phase Shift                        Translocation                5
   Warp Weapon                        Charms/Translocation         5
   Summon Forest                      Summoning/Translocation      5
   Dispersal                          Translocation                6
   Controlled Blink                   Translocation                7
   Disjunction                        Translocation                8
Magical staves
 n - an uncursed staff of wizardry (weapon)


   Skills:
 + Level 10.1 Fighting
 - Level 1.7 Dodging
 - Level 2.4 Stealth
 - Level 10.0 Shields
 - Level 8.8 Spellcasting
 - Level 1.1 Transmutations
 - Level 17.0 Earth Magic


You had 11 spell levels left.
You knew the following spells:

 Your Spells              Type           Power        Failure   Level  Hunger
a - Sandblast             Erth           ######       0%          1    None
b - Stone Arrow           Conj/Erth      #####.       1%          3    None
c - Stoneskin             Trmt/Erth      #####.....   1%          2    None
d - Passwall              Trmt/Erth      #####.....   1%          3    None
e - Lee's Rapid Deconstr  Erth           ######....   1%          5    ####...
f - Petrify               Trmt/Erth      #####...     1%          4    ###....


Dungeon Overview and Level Annotations

Branches:
Dungeon (10/15)            Temple (1/1) D:4            Lair (3/8) D:9
    Orc: D:9-12       Swamp: Lair:3-6    Shoals: Lair:3-6     Snake: Lair:3-6
 Spider: Lair:3-6

Altars:
Ashenzari
Cheibriados
Dithmenos
Elyvilon
Fedhas
Kikubaaqudgha
Makhleb
Sif Muna
Trog
Vehumet
Xom
Yredelemnul
The Shining One

Annotations:
Lair:3 Maud


Innate Abilities, Weirdness & Mutations

Your are under a permanent stasis effect.
You can dig through walls and to a lower floor.
Your four strong arms can wield two-handed weapons with a shield.
You have a pair of large antennae on your head (SInv).


Message History

Maud is moderately wounded.
Casting: Stone Arrow
Confirm with . or Enter, or press ? or * to list all spells.
Aiming: Stone Arrow
Press: ? - help, Shift-Dir - straight line, f/p - Maud
Aim: Maud, wielding a glowing bastard sword and wearing a plate armour (lightly wounded)
The stone arrow hits Maud.
Maud is moderately wounded.
Maud hits you with a glowing bastard sword!
Casting: Stone Arrow
Confirm with . or Enter, or press ? or * to list all spells.
Which direction?
You begin to meditate on the wall.
You continue meditating on the rock.
Maud hits you with a glowing bastard sword!
* * * LOW HITPOINT WARNING * * *
You continue meditating on the rock.
Maud barely misses you.
You continue meditating on the rock.
Maud hits you with a glowing bastard sword!
You die...

.. ##....###......... ...
##f....../......###
#....##..f.............#
#P..........#..........#
##..>......#.#.###.....#
#...........#####P..>.### .
#.......#P.## ###....#..##..
#......%..## #.............
...#P..%%.@###....!......$.
...#P..%.@##...............
...........@#.##.......P.f.
..!............###....%.....
.##...........f#..........#
#.##.<.......##....P....# ##
#..<......##..####.###
#..........#..P ##
#f........#..###


You could see Maud.

Vanquished Creatures
  2 hydras
  2 hill giants (D:10)
  An elephant (D:9)
  2 black mambas
  A gargoyle (D:10)
  7 spiny frogs
  Psyche (D:8)
  A komodo dragon (Lair:2)
  A queen bee (Lair:1)
  A troll (D:9)
  Prince Ribbit (D:7)
  4 blink frogs (Lair:2)
  A trapdoor spider (D:10)
  2 basilisks
  A shark (Lair:1)
  An elephant slug (D:9)
  14 yaks
  Eustachio (D:5)
  2 wyverns
  Grum (D:8)
  2 hungry ghosts
  2 hill giant skeletons
  9 wolves
  3 hippogriffs
  Edmund (D:6)
  5 orc warriors
  2 porcupines
  9 sky beasts
  A yellow wasp (D:10)
  3 water moccasins
  5 phantoms
  2 ogres
  7 centaurs
  3 ice beasts
  2 giant goldfish (Lair:1)
  Duvessa (D:7)
  2 giant slugs
  6 crocodiles
  9 giant frogs
  A gnoll sergeant (D:10)
  5 big kobolds
  A scorpion (D:7)
  17 killer bees
  A wight (Lair:1)
  Dowan (D:7)
  3 electric eels
  4 goliath beetles
  8 crimson imps
  8 hounds
  3 jellies
  5 orc priests
  A quasit (D:7)
  14 worker ants
  A big fish (Lair:1)
  2 giant frog skeletons (D:8)
  15 orc wizards
  A centaur skeleton (D:8)
  5 iguanas
  11 sheep
  A sky beast zombie (D:9)
  A hound zombie (D:8)
  A mottled dragon skeleton (D:8)
  A worker ant zombie (D:9)
  14 green rats
  7 gnolls (D:10)
  24 adders
  2 giant mites
  A shadow imp (D:9)
  8 worms
  3 giant eyeballs
  2 oozes
  41 orcs
  5 giant cockroaches
  9 goblins
  10 hobgoblins
  19 jackals
  27 kobolds
  12 quokkas
  A ball python (D:2)
  19 bats
  9 giant geckos
  8 giant newts
  2 giant spores
  A jackal zombie (D:5)
  2 orc skeletons
  24 rats
  3 ballistomycetes
485 creatures vanquished.

Vanquished Creatures (others)
  2 bushes (Lair:2)
  A plant (D:9)
3 creatures vanquished.

Grand Total: 488 creatures vanquished

Notes
Turn   | Place    | Note
--------------------------------------------------------------
     0 | D:1      | Infinimo, the Formicid Earth Elementalist, began the quest for the Orb.
     0 | D:1      | Reached XP level 1. HP: 13/13 MP: 3/3
   296 | D:1      | Reached skill level 4 in Earth Magic
   325 | D:1      | Reached XP level 2. HP: 5/19 MP: 0/5
  1201 | D:1      | Reached XP level 3. HP: 18/24 MP: 1/7
  1383 | D:1      | Learned a level 3 spell: Stone Arrow
  1386 | D:1      | Learned a level 2 spell: Stoneskin
  1605 | D:2      | Reached skill level 5 in Earth Magic
  1627 | D:2      | Reached XP level 4. HP: 30/30 MP: 3/9
  2241 | D:2      | Learned a level 3 spell: Passwall
  2303 | D:2      | Reached XP level 5. HP: 30/35 MP: 5/13
  2649 | D:3      | Found a basalt altar of Yredelemnul.
  2703 | D:3      | Reached skill level 6 in Earth Magic
  3146 | D:3      | Reached XP level 6. HP: 36/41 MP: 9/15
  3709 | D:3      | Reached skill level 7 in Earth Magic
  4454 | D:4      | Found a staircase to the Ecumenical Temple.
  4563 | D:4      | Reached XP level 7. HP: 16/46 MP: 13/18
  4834 | D:4      | Noticed a hungry ghost
  4843 | D:4      | Killed a hungry ghost
  4936 | Temple   | Entered the Ecumenical Temple
  5095 | Temple   | Became a worshipper of Vehumet
  5422 | D:5      | Entered Level 5 of the Dungeon
  5569 | D:5      | Noticed Eustachio
  5587 | D:5      | Killed Eustachio
  5587 | D:5      | Reached XP level 8. HP: 22/52 MP: 11/21
  5825 | D:5      | Reached skill level 5 in Shields
  5825 | D:5      | Reached skill level 5 in Spellcasting
  6377 | D:5      | Acquired Vehumet's first power
  6377 | D:5      | Offered knowledge of Magic Dart by Vehumet.
  6473 | D:5      | Learned a level 5 spell: Lee's Rapid Deconstruction
  6560 | D:5      | Learned a level 4 spell: Petrify
  7155 | D:6      | Reached XP level 9. HP: 31/57 MP: 15/26
  7209 | D:6      | Noticed Edmund
  7218 | D:6      | Killed Edmund
  7218 | D:6      | Reached skill level 8 in Spellcasting
  7781 | D:6      | Offered knowledge of Throw Flame by Vehumet.
  8140 | D:6      | Found a snail-covered altar of Cheibriados.
  8199 | D:7      | Reached skill level 9 in Earth Magic
  8734 | D:7      | Reached skill level 10 in Earth Magic
  8783 | D:7      | Noticed Prince Ribbit
  8790 | D:7      | Killed Prince Ribbit
  9145 | D:7      | Noticed Duvessa
  9150 | D:7      | Killed Duvessa
  9150 | D:7      | Offered knowledge of Throw Frost by Vehumet.
  9150 | D:7      | Reached XP level 10. HP: 63/63 MP: 9/28
  9151 | D:7      | Noticed Dowan
  9272 | D:7      | Killed Dowan
  9324 | D:7      | Reached skill level 11 in Earth Magic
  9953 | D:8      | Acquired Vehumet's second power
 10001 | D:8      | Noticed Psyche
 10005 | D:8      | Killed Psyche
 10005 | D:8      | Reached skill level 12 in Earth Magic
 10246 | D:8      | Reached skill level 13 in Earth Magic
 10347 | D:8      | Noticed a three-headed hydra
 10687 | D:8      | Killed a three-headed hydra
 11049 | D:8      | Noticed Grum
 11051 | D:8      | Reached skill level 14 in Earth Magic
 11055 | D:8      | Killed Grum
 11197 | D:8      | Offered knowledge of Iskenderun's Mystic Blast by Vehumet.
 11197 | D:8      | Reached XP level 11. HP: 61/68 MP: 14/29
 11625 | D:8      | Found a shattered altar of Ashenzari.
 12133 | D:8      | Reached skill level 15 in Earth Magic
 12332 | D:8      | Acquired Vehumet's third power
 12436 | D:9      | Found a blossoming altar of Fedhas.
 12794 | D:9      | Found a staircase to the Lair.
 13736 | D:9      | Offered knowledge of Throw Icicle by Vehumet.
 13889 | D:8      | Reached skill level 16 in Earth Magic
 14952 | D:10     | Entered Level 10 of the Dungeon
 15754 | D:10     | Offered knowledge of Bolt of Cold by Vehumet.
 15762 | D:10     | Reached skill level 17 in Earth Magic
 15794 | D:10     | Found a shattered altar of Ashenzari.
 16089 | D:10     | Noticed a hill giant
 16093 | D:10     | Killed a hill giant
 16093 | D:10     | Reached XP level 12. HP: 74/74 MP: 17/30
 16298 | D:10     | Noticed a hill giant
 16304 | D:10     | Killed a hill giant
 16557 | D:10     | Noticed a four-headed hydra
 16564 | D:10     | Killed a four-headed hydra
 17151 | Lair:1   | Entered Level 1 of the Lair of Beasts
 17729 | Lair:1   | Reached skill level 10 in Shields
 17840 | Lair:1   | Reached skill level 1 in Fighting
 18873 | Lair:1   | Reached skill level 5 in Fighting
 20452 | Lair:2   | Offered knowledge of Force Lance by Vehumet.
 20457 | Lair:2   | Reached XP level 13. HP: 95/98 MP: 4/31
 21824 | Lair:3   | Noticed Maud
 21827 | Lair:3   | Reached skill level 10 in Fighting
 21847 | Lair:3   | Slain by Maud

Action                   |  1- 3 |  4- 6 |  7- 9 | 10-12 | 13-15 || total
-------------------------+-------+-------+-------+-------+-------++-------
Melee: Unarmed           |       |     1 |       |       |       ||     1
       Staff             |       |       |     2 |    13 |       ||    15
       Dagger            |       |       |       |     8 |       ||     8
 Cast: Sandblast         |    64 |   176 |   306 |    53 |       ||   599
       Stone Arrow       |       |       |    41 |   634 |    85 ||   760
       Stoneskin         |       |       |    10 |     3 |     1 ||    14
       Passwall          |       |       |       |     3 |     3 ||     6
       Lee's Rapid Decon |       |       |       |     4 |       ||     4
 Abil: Dig               |       |     3 |     6 |    12 |     1 ||    22
Evoke: Wand              |       |       |     3 |     1 |     3 ||     7
  Use: Scroll            |       |     8 |     9 |     6 |       ||    23
       Potion            |       |     2 |       |     1 |       ||     3
